 Seeded DCSS version 0.32-a0-329-ge6c31236d6 (webtiles) character file.

Game seed: 10745853673829372278 (custom seed)

3714 n00bmints the Cleaver (level 9, -2/79 HPs)
             Began as a Minotaur Berserker on Feb 17, 2024.
             Was a Believer of Trog.
             Slain by a wight
             ... wielding a +5 trident of freezing
              (3 damage)
             ... on level 8 of the Dungeon.
             The game lasted 00:45:55 (7483 turns).

n00bmints the Cleaver (Minotaur Berserker)          Turns: 7483, Time: 00:45:55

Health: -2/79      AC: 10    Str: 26    XL:     9   Next: 91%
Magic:  8/8        EV: 11    Int:  2    God:    Trog [**....]
Gold:   251        SH:  0    Dex: 14    Spells: 8/8 levels left

rFire   . . .        I - +0 great mace
rCold   . . .        (shield currently unavailable)
rNeg    + + +        C - +0 chain mail of the Kangaroo {rPois rN+++ Int-2 Dex-2}
rPois   +            (helmet restricted)
rElec   .            (no cloak)
rCorr   .            (no gloves)
SInv    .            (no boots)
Will    .....        (no amulet) Stlth
                     F - +6 ring of dexterity
HPRegen 0.33/turn    (no ring)
MPRegen 0.11/turn

%: no passive effects
@: on berserk cooldown, slowed, very slow
A: horns 2, retaliatory headbutt
a: Renounce Religion, Berserk, Trog's Hand


You were on level 8 of the Dungeon.
You worshipped Trog.
Trog was pleased with you.
You visited 1 branch of the dungeon, and saw 8 of its levels.

You collected 465 gold pieces.
You spent 214 gold pieces at shops.

Inventory:

Hand Weapons
 a - a +0 hand axe
 i - a +0 dire flail
 t - a +0 war axe
 A - a +5 halberd
 B - a +1 hand axe of flaming
 D - a +4 flail
 E - a +1 hand axe of draining
 I - a +0 great mace (weapon)
Armour
 u - a +0 tower shield
 w - a +0 chain mail
 C - the +0 chain mail of the Kangaroo (worn) {rPois rN+++ Int-2 Dex-2}
   (You found it on level 6 of the Dungeon)

   Int-2:     It affects your intelligence (-2).
   Dex-2:     It affects your dexterity (-2).
   rPois:     It protects you from poison rN+++: It renders you almost immune to
   negative energy.
Jewellery
 F - a +6 ring of dexterity (left hand)
Scrolls
 c - 2 scrolls of immolation
 j - 2 scrolls of vulnerability {unknown}
 m - 2 scrolls of fear
 n - 3 scrolls of enchant armour {unknown}
 o - 2 scrolls of enchant weapon {unknown}
 p - 2 scrolls of revelation
 q - a scroll of acquirement {unknown}
 s - 2 scrolls of blinking {unknown}
 v - a scroll of amnesia {unknown}
 y - 2 scrolls of fog
 G - a scroll of poison {unknown}
 J - a scroll of teleportation {unknown}
Potions
 b - 3 potions of brilliance {unknown}
 d - 2 potions of attraction {unknown}
 e - 3 potions of lignification {unknown}
 f - 4 potions of curing {unknown}
 g - a potion of resistance {unknown}
 h - 3 potions of might {unknown}
 k - 2 potions of cancellation {unknown}
 l - a potion of heal wounds {unknown}
 r - a potion of haste {unknown}
 x - a potion of berserk rage {unknown}
 z - a potion of degeneration {unknown}
 H - a potion of enlightenment {unknown}


   Skills:
 * Level 7.3 Fighting
 + Level 10.0(10.7) Axes
 * Level 5.5(8.5) Maces & Flails
 * Level 8.1 Armour
 * Level 5.6 Dodging
 - Level 0.2 Stealth
 * Level 5.8 Shields


You had 8 spell levels left.
You didn't know any spells.
Your spell library was empty.

Dungeon Overview and Level Annotations

Branches:
Dungeon (8/15)             Temple (0/1) D:7
   Lair: D:8-11

Altars:
Ashenzari
Cheibriados
Elyvilon
Gozag
Kikubaaqudgha
Okawaru
Qazlal
Yredelemnul

Shops:
D:3 *   D:8 (


Innate Abilities, Weirdness & Mutations

You have a pair of horns on your head.
You reflexively headbutt those who attack you in melee.


Message History

A red film seems to cover your vision as you go berserk!
You feel yourself moving faster!
You feel mighty!
The wight hits you with a +5 trident of freezing!
The wight freezes you.
You are too injured to fight recklessly!
You are too injured to fight recklessly!
You are too injured to fight recklessly!
You are too injured to fight recklessly!
You feel a strong urge to attack something.
The wight hits you from afar with a +5 trident of freezing.
The wight freezes you.
You feel your anger nearly subside.
You are no longer berserk.
You are exhausted.
You feel yourself slow down. The wight hits you but does no damage.
The wight attacks as it pursues you! The wight misses you.
The wight barely misses you. The wight hits you but does no damage.
The wight attacks as it pursues you! The wight barely misses you.
The wight attacks as it pursues you!
The wight hits you from afar with a +5 trident of freezing!
The wight freezes you.
* * * LOW HITPOINT WARNING * * *
The wight barely misses you. The wight attacks as it pursues you!
The wight misses you. The wight attacks as it pursues you!
The wight closely misses you.
The wight hits you from afar with a +5 trident of freezing!
* * * LOW HITPOINT WARNING * * *
The wight freezes you.
* * * LOW HITPOINT WARNING * * *
Okay, then.
The wight hits you with a +5 trident of freezing.
* * * LOW HITPOINT WARNING * * *
The wight freezes you.
* * * LOW HITPOINT WARNING * * *
Okay, then.
As you read the scroll of fog, it dissolves into smoke.
The wight barely misses you.
The wight hits you with a +5 trident of freezing.
You die...

####.#.#.## ..........#
.##..#.#..# .##.......#
.##.##.##.# #######
.##.##....# #.....#
.##.####..# #####.....#
.##.#
#..##########......>..#
.##.#
#......§z@§§..........#
.##.#
#.#########§.....∩....#
.##.# #.#
#.<..........## (##.#
##.# #......<.....# ##
#.#.# #.........##.#
#.###.# ###.......##.#
..# #.# #..........#
#.## ## ##.######### #
#.#


You could see a wight.

Vanquished Creatures
  Pikel (D:5)
  A komodo dragon (D:8)
  A wyvern (D:8)
  Eustachio (D:6)
  A water moccasin (D:7)
  3 black bears
  An ice beast (D:8)
  2 orc warriors
  3 ogres
  2 centaurs (D:6)
  3 lemures (D:5)
  A phantom (D:5)
  A kobold brigand (D:6)
  2 bullfrogs
  4 scorpions
  7 wights (D:7)
  3 howler monkeys
  2 bombardier beetles (D:6)
  2 hounds
  A jelly (D:5)
  3 orc priests
  Crazy Yiuf (D:5)
  2 iguanas
  A sleepcap (D:6)
  4 orc wizards
  4 adders
  A shadow imp (D:6)
  A white imp (D:7)
  2 ufetubi (D:5)
  A ribbon worm (D:2)
  3 dart slugs
  19 orcs
  9 ball pythons
  9 endoplasms
  5 giant cockroaches
  4 hobgoblins
  2 jackals (D:4)
  4 quokkas
  2 bats
  A frilled lizard (D:2)
  2 goblins
  8 kobolds
  8 rats
138 creatures vanquished.

Notes
Turn   | Place    | Note
-------+----------+-------------------------------------------
     0 | D:1      | n00bmints the Minotaur Berserker began the quest for the
                  | Orb.
     0 | D:1      | Reached XP level 1. HP: 19/19 MP: 0/0
   137 | D:1      | Reached XP level 2. HP: 23/27 MP: 1/1
   139 | D:1      | Reached skill level 4 in Axes
   506 | D:1      | Reached XP level 3. HP: 33/33 MP: 2/2
   915 | D:2      | Reached ** piety under Trog
  1577 | D:3      | Found Ikocur's General Store.
  1602 | D:3      | Noticed a fire elemental
  1604 | D:3      | Found a stormy altar of Qazlal.
  1606 | D:3      | Noticed an earth elemental
  1607 | D:3      | Noticed a water elemental
  1607 | D:3      | Noticed an air elemental
  1679 | D:3      | Found a basalt altar of Yredelemnul.
  1685 | D:3      | Reached XP level 4. HP: 41/41 MP: 3/3
  1798 | D:3      | Noticed a black bear
  1807 | D:3      | Killed a black bear
  1808 | D:3      | Reached skill level 5 in Axes
  1808 | D:3      | Reached XP level 5. HP: 42/47 MP: 4/4
  2546 | D:4      | Noticed an ogre
  2556 | D:4      | Killed an ogre
  2557 | D:4      | Reached skill level 6 in Axes
  2557 | D:4      | Reached XP level 6. HP: 55/55 MP: 5/5
  2755 | D:4      | Reached skill level 5 in Fighting
  3556 | D:5      | Entered Level 5 of the Dungeon
  3610 | D:5      | Reached skill level 1 in Shields
  3754 | D:5      | Found an ancient bone altar of Kikubaaqudgha.
  3757 | D:5      | Found a snail-covered altar of Cheibriados.
  3766 | D:5      | Found an opulent altar of Gozag.
  3771 | D:5      | Found an iron altar of Okawaru.
  3795 | D:5      | Found a broken altar of Ashenzari.
  3811 | D:5      | Reached skill level 1 in Maces & Flails
  3811 | D:5      | Reached XP level 7. HP: 61/61 MP: 6/6
  3972 | D:5      | Reached skill level 7 in Axes
  3972 | D:5      | Reached skill level 5 in Armour
  4003 | D:5      | Found a runed translucent door.
  4004 | D:5      | Noticed Crazy Yiuf
  4051 | D:5      | Killed Crazy Yiuf
  4266 | D:5      | Noticed Pikel
  4296 | D:5      | Killed Pikel
  4297 | D:5      | Reached skill level 8 in Axes
  4297 | D:5      | Reached XP level 8. HP: 17/70 MP: 7/7
  5044 | D:6      | Noticed Eustachio
  5064 | D:6      | Killed Eustachio
  5065 | D:6      | Reached XP level 9. HP: 78/78 MP: 8/8
  5085 | D:6      | Reached skill level 9 in Axes
  5287 | D:6      | Identified the +0 chain mail of the Kangaroo {rPois rN+++
                  | Int-2 Dex-2}
  5904 | D:7      | Reached skill level 5 in Shields
  5972 | D:7      | Reached skill level 5 in Dodging
  6181 | D:7      | Found a staircase to the Ecumenical Temple.
  6610 | D:8      | Found Quedol's Antique Weapon Emporium.
  6619 | D:8      | Bought a great mace for 214 gold pieces
  6701 | D:8      | Noticed a komodo dragon
  6714 | D:8      | Killed a komodo dragon
  6715 | D:8      | Reached skill level 10 in Axes
  7072 | D:8      | Reached skill level 5 in Maces & Flails
  7152 | D:8      | Found a white marble altar of Elyvilon.
  7415 | D:8      | Noticed a lindwurm
  7482 | D:8      | HP: 3/79 [wight/+5 trident of freezing (5)]
  7482 | D:8      | HP: 1/79 [wight/+5 trident of freezing (2)]
  7483 | D:8      | Slain by a wight

Illustrated notes

Levels and vault maps discovered:
D:1:      mrwooster_arrival_statue_3, layout_loops_ring, minmay_misc_feat_rugged
D:2:      layout_basic, kennysheep_nub, due_unseen_surprise
D:3:      layout_basic, nicolae_qazlal_style_of_elements, old_standard_altar,
          serial_shops, nicolae_shop_pleasant_corner_grove, dk_vineyard_1,
          minmay_fractal_squares_gapless_5
D:4:      layout_basic, serial_glass, glass_columns_a, glass_columns_b,
          glass_columns_a, glass_columns_a, glass_columns_b
D:5:      layout_basic, ashenzari_altar_1, grunt_temple_overflow_cloverleaf,
          grunt_ministairs_5, st_stairs_3, uniq_crazy_yiuf_cottage, uniq_pikel
D:6:      layout_loops_ring, uniq_eustachio
D:7:      layout_rooms, minmay_temple_entry_offerings
D:8:      layout_loops_ring, mainiacjoe_overflow_brackets,
          nicolae_stop_n_shop_1, minmay_lindwurm_lava

Skill      XL: |  1  2  3  4  5  6  7  8  9 |
---------------+----------------------------+-----
Axes           | 4 5 6 8 10 | 10.0
Fighting       | 4 5 6 7 |  7.3
Armour         | 3 4 6 8 |  8.1
Dodging        | 3 4 5 |  5.6
Shields        | 1 3 4 5 |  5.8
Maces & Flails | 1 2 3 5 |  5.5
Stealth        | |  0.2

Action                     |  1- 3 |  4- 6 |  7- 9 || total
---------------------------+-------+-------+-------++-------
  Melee: Hand axe          |    59 |    40 |       ||    99
         Headbutt          |    10 |    12 |    36 ||    58
         War axe           |       |    45 |   133 ||   178
         Great mace        |       |       |    46 ||    46
         Flail             |       |       |    15 ||    15
 Invoke: Berserk           |     2 |     5 |    16 ||    23
         Trog's Hand       |       |       |     3 ||     3
    Use: Scroll            |       |       |     5 ||     5
   Stab: Sleeping          |     1 |       |       ||     1
 Armour: Animal skin       |    10 |       |       ||    10
         Scale mail        |     6 |    43 |       ||    49
         Chain mail        |       |    36 |   187 ||   223
  Dodge: Dodged            |    27 |    44 |    76 ||   147
  Block: Tower shield      |       |    41 |   104 ||   145

Table legend: (Time is in decaauts)
 A = Elapsed time spent in this place.
 B = Non-inter-level travel time spent in this place.
 C = Inter-level travel time spent in this place.
 D = Time resting spent in this place.
 E = Time spent auto-exploring this place.
 F = Levels seen in this place.
 G = Mean time per level.
                   A        B        C        D        E       F      G
               +--------+--------+--------+--------+--------+-----+--------+
         Total |   7769 |   7569 |    200 |      0 |   2728 |   8 |  971.1 |
       Dungeon |   7769 |   7569 |    200 |      0 |   2728 |   8 |  971.1 |
               +--------+--------+--------+--------+--------+-----+--------+

Top non-repeatable levels by time:
     D:6: 1239 daAuts
     D:5: 1218 daAuts
     D:4: 1064 daAuts
     D:3: 1002 daAuts
     D:8: 940 daAuts
     D:2: 799 daAuts
     D:1: 759 daAuts
     D:7: 745 daAuts
